 Dungeon Crawl Stone Soup version 0.32-a0-933-ga8fa3634e4 (webtiles) character file.

Game seed: 17371327527681362563

46 jasper the Chopper (level 3, -2/31 HPs)
             Began as a Mountain Dwarf Fighter on Apr 14, 2024.
             Succumbed to a gnoll's poison
             ... on level 2 of the Dungeon.
             The game lasted 00:01:45 (898 turns).

jasper the Chopper (Mountain Dwarf Fighter)          Turns: 898, Time: 00:01:46

Health: -2/31      AC:  7    Str: 20    XL:     3   Next: 44%
Magic:  3/3        EV:  8    Int:  8    God:
Gold:   26         SH:  3    Dex:  9    Spells: 2/2 levels left

rFire   . . .        a - +0 war axe (protect)
rCold   . . .        c - +0 buckler
rNeg    . . .        b - +0 scale mail
rPois   .            (no helmet)
rElec   .            (no cloak)
rCorr   .            (no gloves)
SInv    .            i - +0 pair of boots
Will    .....        (no amulet) Stlth
                     (no ring)
HPRegen 0.25/turn    (no ring)
MPRegen 0.08/turn

%: no passive effects
@: mighty, lethally poisoned (-2 -> -31)
A: runic magic, artefact enchanting
a: no special abilities


You were on level 2 of the Dungeon.
You visited 1 branch of the dungeon, and saw 2 of its levels.

You collected 26 gold pieces.

Inventory:

Hand Weapons
 a - a +0 war axe of protection (weapon)
 k - a +1 sling of electrocution
Missiles
 e - 9 stones
 f - 10 boomerangs (quivered)
 j - 4 poisoned darts
Armour
 b - a +0 scale mail (worn)
 c - a +0 buckler (worn)
 i - a +0 pair of boots (worn)
Potions
 h - a potion of magic
 m - a potion of ambrosia {unknown}
 n - a potion of heal wounds {unknown}


   Skills:
 - Level 3.2(1.6) Fighting
 + Level 4.7(2.3) Axes
 - Level 3.2(1.6) Armour
 - Level 3.2(1.6) Shields


You had 2 spell levels left.
You didn't know any spells.
Your spell library contained the following spells:

 Spells                   Type           Power      Damage    Failure   Level
 Passwall                 Erth           0%         N/A       91%         3
 Volatile Blastmotes      Fire/Tloc      0%         2d10      91%         3
 Vhi's Electric Charge    Tloc/Air       0%         N/A       100%        4
 Bombard                  Conj/Erth      0%         9d1       100%        6


Dungeon Overview and Level Annotations

Branches:
Dungeon (2/15)

Altars:
Ashenzari
Hepliaklqana


Innate Abilities, Weirdness & Mutations

Your spellcasting is much less encumbered by armour.
You can use scrolls of enchantment on lesser artefacts.


Message History

The gnoll is severely wounded.
You block the gnoll's attack.
You closely miss the gnoll.
The gnoll is severely wounded.
The gnoll misses you.
You slash the gnoll!
You kill the gnoll!
The kobold completely misses you.
You hit the kobold but do no damage. The gnoll hits you but does no damage.
You are poisoned.
The kobold barely misses you.
You barely miss the kobold.
You feel very sick. The gnoll closely misses you.
The kobold hits you but does no damage.
The gnoll hits you from afar with a +0 spear of venom.
You are more poisoned.
The kobold closely misses you.
You take 4 damage, and have 24/31 hp.
You closely miss the kobold.
You feel very sick. The gnoll hits you but does no damage.
You are more poisoned.
You block the kobold's attack.
You take 5 damage, and have 19/31 hp.
You feel very mighty all of a sudden.
You feel very sick.
The gnoll hits you from afar with a +0 spear of venom.
You are more poisoned.
The kobold hits you but does no damage.
You take 5 damage, and have 14/31 hp.
You barely miss the kobold.
* * * LOW HITPOINT WARNING * * *
You feel extremely sick. The gnoll hits you but does no damage.
You are more poisoned.
The kobold hits you but does no damage. You block the gnoll's attack.
The kobold hits you but does no damage.
You take 7 damage, and have 7/31 hp.
MASSIVE DAMAGE!!
You barely miss the kobold.
You die...

...... #######.####.##
....[..#.^...........#
....##.#.#####g####....
....#.......##.### #
.......#.#.......#
...<...#.......#.#
..)###.#.......#g#
.......##......#K#
..#.##.##..##..#@#
......>##......#.#
###.######.......#
#.....# ####.####
#.....# #......#
#.....# #.##.#.#
#.....# #.##.#.#
#.....# #.##.#.#
####### #.##.#.#


You could see a gnoll and a kobold.

Vanquished Creatures
  A gnoll (D:2)
  2 endoplasms (D:1)
  3 giant cockroaches (D:1)
  2 goblins
  4 hobgoblins (D:1)
  5 jackals
  2 quokkas (D:2)
  5 ball pythons (D:1)
  2 bats (D:1)
  2 kobolds (D:1)
  3 rats
31 creatures vanquished.

Notes
Turn   | Place    | Note
-------+----------+-------------------------------------------
     0 | D:1      | jasper the Mountain Dwarf Fighter began the quest for the
                  | Orb.
     0 | D:1      | Reached XP level 1. HP: 19/19 MP: 1/1
     1 | D:1      | Found a hazy altar of Hepliaklqana.
    31 | D:2      | Reached skill level 3 in Axes
   121 | D:1      | Reached XP level 2. HP: 26/26 MP: 2/2
   130 | D:1      | Found a faded altar of an unknown god.
   161 | D:1      | Prayed at the altar of an unknown god.
   161 | D:1      | Became a worshipper of Ashenzari the Shackled
   170 | D:1      | Fell from the grace of Ashenzari
   290 | D:1      | Reached skill level 4 in Axes
   440 | D:1      | Reached XP level 3. HP: 27/31 MP: 3/3
   898 | D:2      | Succumbed to a gnoll's poison

Illustrated notes

Levels and vault maps discovered:
D:1:      sevenhm_arrival_forest_fort_small_6, layout_loops_ring,
          chequers_ecumenical_altar_lobes
D:2:      layout_loops_cross, minmay_stone_trees_small, uniq_robin, uniq_sigmund

Skill      XL: |  1  2 |
---------------+-------+-----
Axes           | 3 4 |  4.7
Fighting       | |  3.2
Armour         | |  3.2
Shields        | |  3.2

Action                     || total
---------------------------++-------
  Melee: War axe           ||    78
   Fire: Sling             ||     7
  Throw: Stone             ||     1
 Invoke: Renounce Religion ||     1
    Use: Scroll            ||     3
         Potion            ||     1
 Armour: Scale mail        ||    67
  Dodge: Dodged            ||    47
  Block: Buckler           ||    18

Table legend: (Time is in decaauts)
 A = Elapsed time spent in this place.
 B = Non-inter-level travel time spent in this place.
 C = Inter-level travel time spent in this place.
 D = Time resting spent in this place.
 E = Time spent auto-exploring this place.
 F = Levels seen in this place.
 G = Mean time per level.
                   A        B        C        D        E       F      G
               +--------+--------+--------+--------+--------+-----+--------+
         Total |    933 |    906 |     27 |      3 |    628 |   2 |  466.5 |
       Dungeon |    933 |    906 |     27 |      3 |    628 |   2 |  466.5 |
               +--------+--------+--------+--------+--------+-----+--------+

Top non-repeatable levels by time:
     D:1: 807 daAuts
     D:2: 125 daAuts
